 Dungeon Crawl Stone Soup version 0.30-b1-2-g02819fbbbe (webtiles) character file.

Game seed: 6174969260710915351

1260 Metae the Covered (level 8, -15/73 HPs)
             Began as a Minotaur Fighter on June 16, 2023.
             Was an Initiate of Gozag.
             Killed from afar by a steam dragon (18 damage)
             ... with a ball of steam
             ... on level 6 of the Dungeon.
             The game lasted 00:25:36 (6473 turns).

Metae the Covered (Minotaur Fighter)                Turns: 6473, Time: 00:25:38

Health: -15/73     AC: 11    Str: 22    XL:     8   Next: 27%
Magic:  7/7        EV:  7    Int:  5    God:    Gozag
Gold:   588        SH: 14    Dex: 11    Spells: 7/7 levels left

rFire   . . .        q - +1 hammer (protect)
rCold   . . .        m - +0 kite shield
rNeg    . . .        o - +0 chain mail
rPois   .            (helmet restricted)
rElec   .            p - +0 cloak
rCorr   .            (no gloves)
SInv    .            (no boots)
Will    .....        t - amulet of reflection Stlth
                     (no ring)
HPRegen 0.32/turn    (no ring)
MPRegen 0.10/turn

%: reflection
@: no status effects
A: horns 2, retaliatory headbutt
a: Renounce Religion, Potion Petition, Call Merchant, Bribe Branch


You were on level 6 of the Dungeon.
You worshipped Gozag.
Gozag was pleased with you.
You visited 2 branches of the dungeon, and saw 7 of its levels.
You also visited: Sewer.

You collected 646 gold pieces.
You paid 58 gold pieces to Gozag.

Inventory:

Hand Weapons
 a - a +0 flail
 f - a +0 sling
 q - a +1 hammer of protection (weapon)
Missiles
 e - 12 poisoned darts (quivered)
 h - 62 stones
 w - a curare-tipped dart
 J - 6 boomerangs
Armour
 m - a +0 kite shield (worn)
 o - a +0 chain mail (worn)
 p - a +0 cloak (worn)
Jewellery
 j - an amulet of guardian spirit
 s - an amulet of faith
 t - an amulet of reflection (around neck)
 G - a +4 ring of protection
Wands
 K - a wand of acid (13)
Scrolls
 b - 2 scrolls of enchant armour {unknown}
 r - 3 scrolls of teleportation {unknown}
 u - a scroll of noise {unknown}
 v - 2 scrolls of brand weapon {unknown}
 x - a scroll of fog {unknown}
 y - a scroll of vulnerability {unknown}
 B - 3 scrolls of magic mapping {unknown}
 C - a scroll of immolation {unknown}
 D - a scroll of fear {unknown}
 E - a scroll of enchant weapon {unknown}
 I - a scroll of identify
Potions
 c - 2 potions of attraction
 d - a potion of might
 g - 2 potions of degeneration
 i - 3 potions of resistance {unknown}
 k - 2 potions of flight {unknown}
 l - 3 potions of mutation
 n - 3 potions of curing
 z - 2 potions of haste {unknown}
 A - 2 potions of heal wounds {unknown}
 F - a potion of brilliance {unknown}
 H - 2 potions of lignification {unknown}


   Skills:
 + Level 7.0 Fighting
 + Level 6.3 Maces & Flails
 + Level 7.0 Armour
 + Level 7.0 Shields


You had 7 spell levels left.
You didn't know any spells.
Your spell library contained the following spells:

 Spells                   Type           Power      Damage    Failure   Level
 Slow                     Hex            0%         N/A       99%         1
 Confusing Touch          Hex            0%         N/A       100%        3
 Vampiric Draining        Necr           0%         2d6       100%        3


Dungeon Overview and Level Annotations

Branches:
Dungeon (6/15)             Temple (1/1) D:4           Sewer (visited)

Altars:
Cheibriados
Dithmenos
Elyvilon
Gozag
Hepliaklqana
Makhleb
Nemelex Xobeh
Qazlal
Trog
Vehumet
Wu Jian
Xom
Yredelemnul
Zin
The Shining One

Shops:
D:5 (

Annotations:
D:4 2 transporters, diceflayer's ghost, amateur DsHu


Innate Abilities, Weirdness & Mutations

You have a pair of horns on your head.
You reflexively headbutt those who attack you in melee.


Message History

The steam dragon bites you but does no damage.
The steam dragon barely misses you.
You sock the steam dragon!
The steam dragon is severely wounded.
You are engulfed in a cloud of scalding steam.
The steam dragon bites you. You block the steam dragon's attack. x2
The steam dragon claws you but does no damage.
You barely miss the steam dragon.
The steam dragon is severely wounded.
You block the steam dragon's attack. x2
You hit the steam dragon. Your headbutt misses the steam dragon.
The steam dragon is severely wounded.
You block the steam dragon's attack.
The steam dragon claws you but does no damage.
You closely miss the steam dragon. Your headbutt misses the steam dragon.
The steam dragon is severely wounded.
The steam dragon breathes steam at you. The ball of steam hits you.
You closely miss the steam dragon. Your headbutt misses the steam dragon.
The steam dragon is severely wounded.
You are engulfed in a cloud of scalding steam.
The steam dragon breathes steam at you. The ball of steam hits you!
* * * LOW HITPOINT WARNING * * *
You block the steam dragon's attack. The steam dragon claws you.
* * * LOW HITPOINT WARNING * * *
The steam dragon bites you but does no damage.
You block the steam dragon's attack.
You barely miss the steam dragon.
The steam dragon is severely wounded.
The steam dragon breathes steam at you. The ball of steam hits you!
* * * LOW HITPOINT WARNING * * *
The steam dragon attacks as you move away!
The steam dragon bites you but does no damage.
You block the steam dragon's attack. The steam dragon breathes steam at you.
The ball of steam hits you!!
You die...
Your body crumbles into a pile of gold.

#### .... ...######### .....
...........# ..... $
...........#######......
.................#......
.............§..§'.....#
.............§..D#.....#
...............§§# ....#
.............§..@# ...#
...#'######.§....# ..#
...#......#§.§.§.# .#
...#......#§§....# #
...#.<....#§.....########
...#......#.............#
...#......#.............#
...#......#.............# ###
...########.............#######..


You could see a steam dragon (catching breath).

Vanquished Creatures
  Menkaure (D:5)
  An ice beast (D:6)
  3 ogres (D:5)
  A kobold brigand (Sewer)
  A scorpion (D:6)
  Crazy Yiuf (D:2)
  2 hounds (D:4)
  A gnoll bouda (D:3)
  A sleepcap (D:4)
  An iguana (D:5)
  3 orc wizards
  A mummy (D:3)
  15 gnolls
  10 adders
  3 river rats
  A shadow imp (D:5)
  An ufetubus (D:4)
  13 worms
  15 orcs
  4 ball pythons
  7 endoplasms (Sewer)
  6 giant cockroaches
  10 goblins
  8 hobgoblins
  8 kobolds
  A quokka (D:4)
  2 bats (D:2)
  3 frilled lizards (D:2)
  13 rats
137 creatures vanquished.

Vanquished Creatures (others)
  A plant (D:5)
1 creature vanquished.

Grand Total: 138 creatures vanquished

Notes
Turn   | Place    | Note
-------+----------+-------------------------------------------
     0 | D:1      | Metae the Minotaur Fighter began the quest for the Orb.
     0 | D:1      | Reached XP level 1. HP: 19/19 MP: 0/0
   248 | D:1      | Reached XP level 2. HP: 24/25 MP: 1/1
   722 | D:2      | Found a faded altar of an unknown god.
   772 | D:2      | Reached XP level 3. HP: 26/33 MP: 2/2
   892 | D:2      | Reached XP level 4. HP: 19/41 MP: 1/3
  1742 | D:2      | Found a runed translucent door.
  1743 | D:2      | Noticed Crazy Yiuf
  1751 | D:2      | Killed Crazy Yiuf
  1752 | D:2      | Reached XP level 5. HP: 37/47 MP: 0/4
  1836 | D:3      | Found a snail-covered altar of Cheibriados.
  2413 | D:3      | HP: 1/47 [gnoll bouda/+0 whip (7)]
  2415 | D:3      | Reached skill level 5 in Armour
  2415 | D:3      | Reached skill level 5 in Shields
  2420 | D:3      | Reached skill level 5 in Fighting
  2662 | D:4      | Found a staircase to the Ecumenical Temple.
  2692 | D:4      | Reached XP level 6. HP: 55/56 MP: 5/5
  2907 | D:4      | Found a glowing drain.
  2919 | Sewer    | Entered a sewer
  3525 | Sewer    | Reached skill level 5 in Maces & Flails
  3942 | Temple   | Entered the Ecumenical Temple
  3965 | Temple   | Became a worshipper of Gozag Ym Sagoz the Greedy
  4024 | D:4      | Reached XP level 7. HP: 61/62 MP: 6/6
  4161 | D:4      | Found a radiant altar of Vehumet.
  4189 | D:4      | Found a shimmering altar of Xom.
  4248 | D:4      | Found a transporter.
  4248 | D:4      | Noticed diceflayer's ghost (amateur DsHu)
  4260 | D:4      | Found a transporter.
  4557 | D:5      | Entered Level 5 of the Dungeon
  4639 | D:5      | Found a basalt altar of Yredelemnul.
  4912 | D:5      | Noticed Menkaure
  4932 | D:5      | HP: 3/63 [Menkaure (5)]
  4934 | D:5      | Killed Menkaure
  5315 | D:5      | Reached XP level 8. HP: 33/71 MP: 7/7
  5635 | D:5      | Found Cimp's Hydra Hut.
  5639 | D:5      | Noticed an eight-headed hydra
  5685 | D:5      | Noticed a moth of wrath
  5688 | D:5      | Found a bloodstained altar of Trog.
  6120 | D:6      | Found a burning altar of Makhleb.
  6130 | D:6      | Found a glowing silver altar of Zin.
  6131 | D:6      | Noticed an angel
  6131 | D:6      | Noticed a balrug
  6471 | D:6      | HP: 2/73 [steam dragon/ball of steam (7)]
  6473 | D:6      | Killed from afar by a steam dragon

Illustrated notes

Levels and vault maps discovered:
D:1:      evilmike_arrival_fibonacci_small, layout_rooms
D:2:      layout_basic, chequers_ecumenical_altar_twisty,
          uniq_crazy_yiuf_cottage
D:3:      layout_rooms, slow_altar_1, corexii_corridor_pit, nicolae_wormholes
D:4:      layout_basic, mainiacjoe_overflow_alcove_1, tgw_xom, temple_hall,
          gammafunk_ghost_mausoleum, gup_sewer_entry_spiral, minmay_cut_off
D:5:      layout_basic, mainiacjoe_overflow_paths, tgw_trog,
          doesnt_shop_hydraphobe, uniq_menkaure
D:6:      layout_gridville, grunt_temple_overflow_order_and_chaos_2, uniq_edmund
Temple:   hellmonk_temple_two_chambers

Skill      XL: |  1  2  3  4  5  6  7  8 |
---------------+-------------------------+-----
Fighting       | 4 5 6 7 |  7.0
Armour         | 4 5 6 7 |  7.0
Shields        | 4 5 6 7 |  7.0
Maces & Flails | 3 4 5 6 |  6.3

Action                     |  1- 3 |  4- 6 |  7- 9 || total
---------------------------+-------+-------+-------++-------
  Melee: Flail             |    49 |    34 |       ||    83
         Headbutt          |    11 |    33 |    33 ||    77
         Mace              |       |   207 |   147 ||   354
  Throw: Dart              |     1 |     3 |     1 ||     5
    Use: Scroll            |       |     4 |       ||     4
         Potion            |       |     1 |       ||     1
 Armour: Scale mail        |    22 |    20 |       ||    42
         Chain mail        |       |    63 |    49 ||   112
  Dodge: Dodged            |    32 |    71 |    28 ||   131
  Block: Buckler           |    17 |     5 |       ||    22
         Kite shield       |       |   144 |   111 ||   255
         Reflection        |       |     1 |     2 ||     3
